 Dungeon Crawl Stone Soup version 0.29-a0-340-g6efceafd81 (webtiles) character file.

Game seed: 17646753341023133678

17 spaghetti the Cudgeller (level 2, 21/21 HPs)
             Began as an Octopode Wanderer on Apr 19, 2022.
             Was an Initiate of Ru.
             Quit the game on level 1 of the Dungeon.
             The game lasted 00:01:13 (701 turns).

spaghetti the Cudgeller (Octopode Wanderer)          Turns: 701, Time: 00:01:14

Health: 21/21      AC:  1    Str: 12    XL:     2   Next: 62%
Magic:  2/2        EV: 12    Int: 11    God:    Ru [......]
Gold:   21         SH:  0    Dex: 13    Spells: 1/1 levels left

rFire   . . .      SeeInvis .   a - +3 mace {mace}
rCold   . . .      Faith    .   (no shield)
rNeg    . . .      Spirit   .   (helmet restricted)
rPois   .          Reflect  .   (no amulet)
rElec   .          Harm     .   (no ring)
rCorr   .          Rampage  .   (no ring)
Will    .....                   (no ring)
Stlth   ++........              (no ring)
HPRegen 0.07/turn               (no ring)
MPRegen 0.08/turn               (no ring)
                                (no ring)
                                (no ring)

@: no status effects
A: almost no armour, amphibious, 8 rings, camouflage 1, gelatinous body 1,
(nimble swimmer 1), tentacles
a: Renounce Religion


You were on level 1 of the Dungeon.
You worshipped Ru.
Ru was noncommittal.
You visited 1 branch of the dungeon, and saw 1 of its levels.

You collected 21 gold pieces.


Innate Abilities, Weirdness & Mutations

You cannot wear most types of armour.
You are amphibious.
You can wear up to eight rings at the same time.
Your skin changes colour to match your surroundings (Stealth+).
Your rubbery body absorbs attacks. (AC +1, EV +1)
((You are camouflaged when in or above water. (Stealth+)))
You have tentacles for arms and can constrict up to eight enemies at once.


   Skills:
 - Level 3.0 Fighting
 - Level 3.0 Short Blades
 + Level 4.7 Maces & Flails


You had one spell level left.
You didn't know any spells.
Your spell library contained the following spells:

 Spells                   Type           Power      Damage    Failure   Level
 Confusing Touch          Hex            0%         N/A       71%         3
 Yara's Violent Unravell  Hex/Tmut       0%         3d3       100%        5
 Enfeeble                 Hex            0%         N/A       100%        7

Inventory:

Hand Weapons
 a - a +3 mace (weapon) {mace}
 b - a +0 short sword {short}
Missiles
 f - 19 stones (quivered) {throwing}
Magical Staves
 e - a staff of cold {!astaff}
   (You found it on level 1 of the Dungeon)
Scrolls
 c - a scroll of vulnerability {!r!r}
 g - 2 scrolls of summoning {unknown}
 h - a scroll of noise {unknown}
Potions
 d - a potion of berserk rage {unknown}

Dungeon Overview and Level Annotations

Branches:
Dungeon (1/15)

Altars:
Ru

#.# #.# . #.# #.
###.#... #.#.#.#
####### #.....#
#⌠.⌠.⌠#########.####
##...................
#...@..[....####.####
#...........# #.....
#.....⌠.....# #.....
#.###.#.....# +.....
#.....#.....# #.....
#####.#.....##+#.....
#.#...[..........
##'######...).....
#.................


There were no monsters in sight!


Message History

There is an open door here.
A goblin comes into view. It is wielding a +0 dagger.
A goblin is nearby!
A goblin is nearby!
You sock the goblin!
You kill the goblin!
No target in view!
No target in view!
No target in view!
No target in view!
No target in view!
No target in view!
No target in view!
No target in view!
No target in view!
No target in view!
Things that are here:
a +0 dagger {short}; a goblin corpse
g - 2 scrolls labelled KANIRE TIMNILL A rat comes into view.
The rat misses you.
You hit the rat. You grab the rat. You constrict the rat.
You kill the rat!
No target in view!
No target in view!
No target in view!
No target in view!
No target in view!
No target in view!
No target in view!
No target in view!
No target in view!
Okay, then.
Found a stone staircase leading down.
There is a stone staircase leading down here.
Key pressed, stopping explore.
A giant cockroach comes into view.
A giant cockroach is nearby!
A hobgoblin comes into view.
The helpless giant cockroach fails to defend itself.
You sock the giant cockroach!
You kill the giant cockroach!
The helpless hobgoblin fails to defend itself.
You hit the hobgoblin. You grab the hobgoblin. You squeeze the hobgoblin.
You kill the hobgoblin!
No target in view!
No target in view!
No target in view!
No target in view!
Key pressed, stopping explore.
You see here a +0 leather armour.
An endoplasm comes into view.
The endoplasm quivers.
The endoplasm freezes you.
You are frozen. 😕 HP[-3]
You take 3 damage, and now have 18/21 hp.
You are too injured to fight recklessly!
You are too injured to fight recklessly!
You are too injured to fight recklessly!
You are too injured to fight recklessly!
You are too injured to fight recklessly!
You are too injured to fight recklessly!
You are too injured to fight recklessly!
You are too injured to fight recklessly!
You are too injured to fight recklessly!
You are too injured to fight recklessly!
You are too injured to fight recklessly!
You are too injured to fight recklessly!
An endoplasm is nearby!
An endoplasm is nearby!
Unknown command.
You hit the endoplasm. You squeeze the endoplasm.
The endoplasm closely misses you.
You hit the endoplasm.
You kill the endoplasm!
You open the door.
Found a faded altar of an unknown god.
There is an open door here. 😎 HP[+3]
Your hp is fully restored (21).
There is a dry fountain here.
Key pressed, stopping explore.
h - a scroll labelled NYTHINA UCVU You see here a +0 cloak.
There is a faded altar of an unknown god here.
You cannot tell which god this altar belongs to.
Convert to them anyway?
Ru accepts your prayer! Ru welcomes you!
Unknown command.
Press < or > to pray at altars.
Unknown command.
Press < or > to pray at altars.
Unknown command.
Press < or > to pray at altars.
Unknown command.
Press < or > to pray at altars.
Unknown command.
Press < or > to pray at altars.
Are you sure you want to abandon this character and quit the game? (Confirm with "yes".)

Action                   || total
-------------------------++-------
Melee: Mace              ||    22
       Constrict         ||     5
       Tentacles         ||     3
Throw: Stone             ||     3
 Stab: Sleeping          ||     2
Armor: Skin              ||     1
Dodge: Dodged            ||    11

Levels and vault maps discovered:
D:1:      dpeg_arrival_rhombus, layout_basic, hellmonk_ecumenical_altar_run_dry

Notes
Turn   | Place    | Note
-------+----------+-------------------------------------------
     0 | D:1      | spaghetti the Octopode Wanderer began the quest for the
                  | Orb.
     0 | D:1      | spaghetti set off with the following items: a +3 mace
                  | {mace}, a +0 short sword {short}, a scroll of vulnerability
                  | {!r!r}
     0 | D:1      | Reached XP level 1. HP: 16/16 MP: 1/1
     0 | D:1      | magus.rc [v1.9.6]
   383 | D:1      | Reached XP level 2. HP: 20/21 MP: 2/2
   388 | D:1      | You pick up a book of Misfortune and begin reading...
   388 | D:1      | You add the spells Confusing Touch, Yara's Violent
                  | Unravelling and Enfeeble to your library.
   654 | D:1      | Found a faded altar of an unknown god.
   700 | D:1      | Prayed at the altar of an unknown god.
   700 | D:1      | Became a worshipper of Ru the Awakened
   701 | D:1      | Quit the game

Vanquished Creatures
  2 endoplasms (D:1)
  2 giant cockroaches (D:1)
  3 hobgoblins (D:1)
  A quokka (D:1)
  A ball python (D:1)
  2 frilled lizards (D:1)
  A goblin (D:1)
  3 kobolds (D:1)
  2 rats (D:1)
17 creatures vanquished.

Table legend:
 A = Non-vault XP
 B = Vault XP
 C = Vault XP percentage of total XP
 D = Non-vault monster count
 E = Vault monster count
 F = Vault count percentage of total count
                 A         B        C        D         E       F
            +---------+---------+-------+---------+---------+-------
      Total |      25 |       0 |   0.0 |      17 |       0 |   0.0
            +---------+---------+-------+---------+---------+-------
        D:1 |      25 |       0 |   0.0 |      17 |       0 |   0.0
            +---------+---------+-------+---------+---------+-------

Illustrated notes

Table legend:
 A = Kills in this place as a percentage of kills in entire the game.
 B = Kills by you in this place as a percentage of kills by you in the entire game.
 C = Kills by friends in this place as a percentage of kills by friends in the entire game.
 D = Other kills in this place as a percentage of other kills in the entire game.
 E = Experience gained in this place as a percentage of experience gained in the entire game.
 F = Experience gained in this place divided by the number of levels of this place that you have seen.
                   A       B       C       D       E      F
               +-------+-------+-------+-------+-------+----------------------
         Total | 100.0 | 100.0 |   N/A |   N/A | 100.0 |  25.0
       Dungeon | 100.0 | 100.0 |   N/A |   N/A | 100.0 |  25.0
               +-------+-------+-------+-------+-------+----------------------

Table legend: (Time is in decaauts)
 A = Elapsed time spent in this place.
 B = Non-inter-level travel time spent in this place.
 C = Inter-level travel time spent in this place.
 D = Time resting spent in this place.
 E = Time spent auto-exploring this place.
 F = Levels seen in this place.
 G = Mean time per level.
                   A        B        C        D        E       F      G
               +--------+--------+--------+--------+--------+-----+--------+
         Total |    705 |    705 |      0 |    206 |    373 |   1 |  705.0 |
       Dungeon |    705 |    705 |      0 |    206 |    373 |   1 |  705.0 |
               +--------+--------+--------+--------+--------+-----+--------+

Top non-repeatable levels by time:
     D:1: 705 daAuts
